 Dungeon Crawl Stone Soup version 0.23-a0-33-g1e3a2e4e2f (webtiles) character file.

38 RedPan the Bolt Thrower (level 3, 0/22 HPs)
             Began as a Kobold Hunter on Aug 5, 2018.
             Succumbed to a scorpion's poison
             ... on level 1 of the Dungeon.
             The game lasted 00:02:38 (1512 turns).

RedPan the Bolt Thrower (Kobold Hunter)             Turns: 1512, Time: 00:02:39

Health: 0/22       AC:  6    Str:  9    XL:     3   Next: 65%
Magic:  3/3        EV: 19    Int: 14    God:
Gold:   55         SH:  4    Dex: 21    Spells: 2/2 levels left

rFire    . . .     SeeInvis .   a - +1 hand crossbow
rCold    . . .     Gourm    .   (shield restricted)
rNeg     . . .     Faith    .   h - +0 ring mail
rPois    .         Spirit   .   (no helmet)
rElec    .         Reflect  .   i - +0 cloak
rCorr    .         Harm     .   (no gloves)
MR       .....                  (no boots)
Stlth    +++.......             (no amulet)
HPRegen  0.07/turn              (no ring)
MPRegen  0.08/turn              (no ring)

@: agile, lethally poisoned (0 -> -10), hasted, very quick
A: small, large bone plates 1, carnivore, clever 1
a: no special abilities


You were on level 1 of the Dungeon.
You were very full.

You visited 1 branch of the dungeon, and saw 2 of its levels.

You collected 55 gold pieces.

Inventory:

Hand Weapons
 a - a +1 hand crossbow (weapon)
 b - a +0 short sword
Missiles
 d - 31 bolts (quivered)
Armour
 h - a +0 ring mail (worn)
 i - a +0 cloak (worn)
Scrolls
 c - a scroll of blinking {unknown}
 g - 2 scrolls of identify {unknown}
 j - a scroll of magic mapping {unknown}
 k - a scroll of amnesia {unknown}
 n - 2 scrolls of remove curse {unknown}
Comestibles
 f - 2 rations


   Skills:
 - Level 2.4 Fighting
 + Level 2.0 Short Blades
 - Level 5.0 Crossbows
 + Level 3.1 Dodging
 + Level 2.3 Stealth


You had 2 spell levels left.
You didn't know any spells.
Your spell library was empty.

Dungeon Overview and Level Annotations

Branches:
Dungeon (2/15)

Altars:


Innate Abilities, Weirdness & Mutations

You are small and have problems with some larger weapons.
You are carnivorous and can eat meat at any time.
You are partially covered in large bone plates. (SH +4)
Your mind is acute. (Int +2)


Message History

The scorpion stings you!
You are lethally poisoned!
The scorpion poisons you!
You are too injured to fight recklessly!
You are too injured to fight recklessly!
It was a potion of haste.
You feel yourself speed up.
You feel sick. The scorpion stings you.
* * * LOW HITPOINT WARNING * * *
It was a potion of mutation.
You feel extremely strange.
You feel clever.
Large bone plates grow over parts of your arms.
* * * LOW HITPOINT WARNING * * *
You feel sick. The scorpion closely misses you.
It was a potion of agility.
You feel agile all of a sudden. You block the scorpion's attack.
* * * LOW HITPOINT WARNING * * *
You feel sick.
You hear a distant "Zot"!
You die...

#.############ #.# #.#
#############'############
#.........................
#..............###########
#.........)....>..........
#...........s...##.####.##
#........@......#.........
#.............).#######.##
#.......................##
#...............##########
############.............#
#.....# #.............'
#########.....#####.............#
#.......'.....'..................
##.######.....###########.#######


You could see a scorpion.

Vanquished Creatures
  A dart slug (D:1)
  A leopard gecko (D:1)
  2 bats (D:1)
  3 giant cockroaches (D:1)
  5 goblins (D:1)
  6 hobgoblins (D:1)
  3 jackals (D:1)
  2 frilled lizards (D:1)
  5 kobolds (D:1)
  2 rats (D:1)
30 creatures vanquished.

Notes
Turn   | Place    | Note
-------+----------+-------------------------------------------
     0 | D:1      | RedPan the Kobold Hunter began the quest for the Orb.
     0 | D:1      | Reached XP level 1. HP: 12/12 MP: 1/1
   212 | D:1      | Reached XP level 2. HP: 18/18 MP: 2/2
   214 | D:1      | Reached skill level 5 in Crossbows
   215 | D:1      | Reached skill level 1 in Short Blades
   669 | D:1      | Reached XP level 3. HP: 22/22 MP: 3/3
  1494 | D:2      | Noticed a scorpion
  1508 | D:1      | Gained mutation: Your mind is acute. (Int +2) [potion of mutation]
  1508 | D:1      | Gained mutation: You are partially covered in large bone plates. (SH +4) [potion of mutation]
  1510 | D:1      | HP: 1/22 [poisoned by a scorpion]
  1512 | D:1      | Succumbed to a scorpion's poison

Vault maps used:
D:1:      evilmike_arrival_sounds_zot

Skill      XL: |  1  2  3 |
---------------+----------+-----
Crossbows      | 5 |  5.0
Short Blades   | 1 2 |  2.0
Dodging        | 3 |  3.1
Stealth        | 2 |  2.3
Fighting       | |  2.4

Action                   || total
-------------------------++-------
Melee: Short sword       ||   123
 Fire: Hand crossbow     ||     7
  Use: Potion            ||     3
 Stab: Sleeping          ||     3
  Eat: Chunk             ||     8
Armor: Leather armour    ||     7
       Ring mail         ||    11
Dodge: Dodged            ||    94
Block: Other             ||     1

Table legend:
 A = Spawn XP
 B = Non-spawn XP
 C = Spawn XP percentage of total XP
 D = Spawn monster count
 E = Non-spawn monster count
 F = Spawn count percentage of total count
 G = Total turns spent on level
                    A         B        C        D         E        F      G
               +---------+---------+-------+---------+---------+-------+---------
         Total |       0 |      55 |   0.0 |       0 |      30 |   0.0 |  1512
               +---------+---------+-------+---------+---------+-------+---------
           D:1 |       0 |      55 |   0.0 |       0 |      30 |   0.0 |  1505
               +---------+---------+-------+---------+---------+-------+---------
